 Dungeon Crawl Stone Soup version 0.29.0-4-gdea44cf6ec (webtiles) character file.

Game seed: 9419887328958505062

250 qw the Chopper (level 6, -3/35 HPs)
             Began as a Tengu Warper on Aug 28, 2022.
             Slain by an orc
             ... wielding a +4 dagger
              (6 damage)
             ... on level 3 of the Dungeon.
             The game lasted 00:00:14 (2998 turns).

qw the Chopper (Tengu Warper)                       Turns: 2998, Time: 00:00:15

Health: -3/35      AC:  8    Str: 13    XL:     6   Next: 13%
Magic:  10/10      EV:  7    Int: 13    God:
Gold:   182        SH:  0    Dex: 20    Spells: 9/9 levels left

rFire   . . .      SeeInvis .   Y - +0 hand axe
rCold   . . .      Faith    .   (no shield)
rNeg    . . .      Spirit   .   c - +0 chain mail
rPois   .          Reflect  .   (helmet restricted)
rElec   .          Harm     .   (no cloak)
rCorr   .          Rampage  .   (no gloves)
Will    .....                   (boots unavailable)
Stlth   ..........              (no amulet)
HPRegen 0.11/turn               i - +6 ring of dexterity
MPRegen 0.12/turn               (no ring)

@: confused, flying quickly and evasively, quick
A: beak, talons 3, nimble flight
a: no special abilities


You were on level 3 of the Dungeon.
You visited 1 branch of the dungeon, and saw 3 of its levels.

You collected 182 gold pieces.


Innate Abilities, Weirdness & Mutations

You have a beak for a mouth.
You have claws for feet.
Your magical nature lets you fly swiftly and evasively.


   Skills:
 - Level 2.0 Fighting
 - Level 6.7 Axes
 - Level 1.0 Throwing
 + Level 1.5 Armour
 - Level 2.1 Dodging
 - Level 2.0 Spellcasting
 - Level 2.4 Translocations


You had 9 spell levels left.
You didn't know any spells.
Your spell library contained the following spells:

 Spells                   Type           Power      Damage    Failure   Level
 Blink                    Tloc           14%        N/A       99%         2
 Gell's Gravitas          Tloc           7%         N/A       100%        3
 Lesser Beckoning         Tloc           7%         N/A       100%        3
 Teleport Other           Tloc           7%         N/A       100%        3
 Manifold Assault         Tloc           7%         N/A       100%        5

Inventory:

Hand Weapons
 f - a +0 flail
 Y - a +0 hand axe (weapon)
Missiles
 b - 2 boomerangs (quivered)
Armour
 c - a +0 chain mail (worn)
Jewellery
 i - a +6 ring of dexterity (left hand)
Scrolls
 a - a scroll of identify
 d - 2 scrolls of brand weapon {unknown}
 k - a scroll of magic mapping {unknown}
Potions
 e - a potion of curing {unknown}
 g - a potion of mutation {unknown}
 h - a potion of flight {unknown}

Dungeon Overview and Level Annotations

Branches:
Dungeon (3/15)

Altars:
Nemelex Xobeh

Shops:
D:1 [


Message History

You miss the orc. You hit the adder but do no damage.
The adder closely misses you. The orc hits you but does no damage.
You hear some strange, mumbled words.
A puff of flame appears from out of thin air!
The puff of flame hits you. Something hits you but does no damage.
The orc wizard hits you with a +0 dagger.
The endoplasm hits you but does no damage.
The adder bites you but does no damage.
You miss something. You claw something. You hit the endoplasm.
You miss something. You miss the orc. You hit the adder.
You kill the adder!
You hit the orc wizard.
You feel less confused. Something hits you but does no damage.
The endoplasm freezes you.
You are frozen.
Something hits you but does no damage. The orc hits you but does no damage.
The orc wizard hits you but does no damage.
You hit the endoplasm.
You kill the endoplasm!
You hit the orc wizard but do no damage.
You closely miss something. You hit the orc but do no damage.
You closely miss the orc. You miss something.
Something hits you but does no damage.
You hear some strange, mumbled words.
You are confused.
The orc hits you but does no damage. The orc barely misses you.
The orc wizard casts a spell.
The orc wizard flickers and vanishes!
You miss the orc. Your kick misses the orc.
The orc is moderately wounded.
You hit something but do no damage. You completely miss something.
You barely miss something. You barely miss the orc. Something hits you.
Something hits you but does no damage. The orc hits you but does no damage.
The orc hits you with a +0 flail. Something hits you but does no damage.
You closely miss the orc. You miss something. You closely miss something.
You hit the orc but do no damage. You hit something but do no damage.
Something hits you but does no damage. x2; The orc hits you with a +4 dagger.
You die...

#..........#
#..........#
#.......... #
#.........#.#
#.........#.#
#...........#
.. #....o{...#
. #....@{.#
#######
#.....o.#
##....#
#.......#
##....#
#.......#
##....#
#.#.....#
##....#
#.#.....#
##....# #
#####.#
##....#
#.#####)####.#
##....###
#.......)....#


You could see 2 orcs.

Vanquished Creatures
  Sigmund (D:3)
  2 adders (D:3)
  An adder zombie (D:3)
  An adder skeleton (D:3)
  A worm (D:2)
  A dart slug (D:1)
  6 orcs (D:3)
  3 ball pythons
  3 bats
  4 endoplasms
  3 giant cockroaches
  8 goblins
  6 hobgoblins
  4 jackals (D:1)
  A quokka (D:2)
  A frilled lizard (D:3)
  A jackal zombie (D:3)
  2 kobolds (D:2)
  2 rats
51 creatures vanquished.

Notes
Turn   | Place    | Note
-------+----------+-------------------------------------------
     0 | D:1      | qw the Tengu Warper began the quest for the Orb.
     0 | D:1      | Reached XP level 1. HP: 12/12 MP: 4/4
     0 | D:1      | 0 ||| qw: Version: 0.1-a-89-g26bdef1
     0 | D:1      | 0 ||| qw: Game counter: 132
     0 | D:1      | 0 ||| qw: Always use a shield: true
     0 | D:1      | 0 ||| qw: God list: Okawaru
     0 | D:1      | 0 ||| qw: Allow faded altars: false
     0 | D:1      | 0 ||| qw: Do Orc after D:15 true
     0 | D:1      | 0 ||| qw: Do second Lair branch before Depths: true
     0 | D:1      | 0 ||| qw: Lair rune preference: random
     0 | D:1      | 0 ||| qw: Plans: Normal
     0 | D:1      | 0 ||| PLANNING D:1-11
    16 | D:1      | Found Vonuenoe's Armour Shop.
    25 | D:1      | 25 ||| SHOPLISTING +0 buckler (54 gold, have 0).
    25 | D:1      | 25 ||| SHOPLISTING +0 chain mail (54 gold, have 0).
    25 | D:1      | 25 ||| SHOPLISTING +0 ring mail (48 gold, have 0).
    25 | D:1      | 25 ||| SHOPLISTING +2 plate armour of positive energy (444
                  | gold, have 0).
    65 | D:1      | Reached skill level 3 in Axes
    65 | D:1      | Reached XP level 2. HP: 12/17 MP: 6/6
   596 | D:1      | Reached XP level 3. HP: 18/21 MP: 7/7
  1164 | D:1      | 1164 ||| UPGRADING to +0 scale mail.
  1174 | D:1      | 1174 ||| DROPPING +0 leather armour.
  1175 | D:1      | 1175 ||| UPGRADING to +6 ring of dexterity.
  1176 | D:1      | 1176 ||| READING scroll labelled UCEHYHITZAE.
  1177 | D:1      | 1177 ||| DROPPING scroll of blinking.
  1264 | D:2      | Reached skill level 4 in Axes
  1746 | D:2      | Found a faded altar of an unknown god.
  1992 | D:2      | 1992 ||| UPGRADING to +0 chain mail.
  2002 | D:2      | 2002 ||| DROPPING +0 scale mail.
  2003 | D:2      | 2003 ||| READING scroll labelled COLA HUSTEU.
  2004 | D:2      | 2004 ||| READING scroll labelled MAUMPO HYIXT.
  2126 | D:2      | 2126 ||| READING scroll labelled TIRIOT DIGH.
  2227 | D:2      | 2227 ||| DRINKING 2 clear potions.
  2295 | D:3      | 2295 ||| Stepping ~*~*~tactically~*~*~ (stealth).
  2307 | D:3      | Reached XP level 4. HP: 20/26 MP: 8/8
  2375 | D:3      | 2375 ||| DROPPING +0 club.
  2431 | D:3      | Found a sparkling altar of Nemelex Xobeh.
  2743 | D:3      | Noticed Sigmund
  2744 | D:3      | 2744 ||| Stepping ~*~*~tactically~*~*~ (hiding).
  2756 | D:3      | Killed Sigmund
  2757 | D:3      | Reached skill level 6 in Axes
  2757 | D:3      | Gained mutation: Your magical nature lets you fly swiftly
                  | and evasively. [Tengu growth]
  2757 | D:3      | Reached XP level 5. HP: 11/30 MP: 9/9
  2757 | D:3      | Reached XP level 6. HP: 13/35 MP: 10/10
  2762 | D:3      | 2762 ||| FLEEEEING.
  2842 | D:3      | 2842 ||| FLEEEEING.
  2991 | D:3      | HP: 7/35 [frozen (5)]
  2992 | D:3      | 2992 ||| DRINKING potion of heal wounds.
  2997 | D:3      | HP: 5/35 [something (1)]
  2998 | D:3      | Slain by an orc

Levels and vault maps discovered:
D:1:      wheals_arrival_shading, layout_basic, serial_shops, shop
D:2:      layout_basic, ebering_ecumenical_altar_abandoned
D:3:      layout_basic, amcnicky_altar_gilded, serial_undead, serial_undead_d,
          serial_undead_c, serial_undead_b, serial_undead_f, uniq_sigmund,
          uniq_grinder

Skill      XL: |  1  2  3  4 |
---------------+-------------+-----
Axes           | 3 4 6 |  6.7
Fighting       | |  2.0
Throwing       | |  1.0
Armour         | |  1.5
Dodging        | |  2.1
Spellcasting   | |  2.0
Translocations | |  2.4

Action                   |  1- 3 |  4- 6 || total
-------------------------+-------+-------++-------
Melee: Hand axe          |    98 |    39 ||   137
       Kick              |    29 |    12 ||    41
       Peck              |    10 |     6 ||    16
Throw: Boomerang         |     7 |    10 ||    17
  Use: Scroll            |     4 |       ||     4
       Potion            |     1 |     1 ||     2
Armor: Leather armour    |    14 |       ||    14
       Chain mail        |    13 |    51 ||    64
       Scale mail        |     7 |       ||     7
Dodge: Dodged            |    51 |    19 ||    70

Table legend:
 A = Non-vault XP
 B = Vault XP
 C = Vault XP percentage of total XP
 D = Non-vault monster count
 E = Vault monster count
 F = Vault count percentage of total count
                 A         B        C        D         E       F
            +---------+---------+-------+---------+---------+-------
      Total |     120 |     238 |  66.5 |      47 |       4 |   7.8
            +---------+---------+-------+---------+---------+-------
        D:1 |      43 |       0 |   0.0 |      22 |       0 |   0.0
        D:2 |      21 |       0 |   0.0 |      10 |       0 |   0.0
        D:3 |      56 |     238 |  81.0 |      15 |       4 |  21.1
            +---------+---------+-------+---------+---------+-------
